Map: Frozen Temple

Players

Neuro - Winner!

  • Race: Zerg Zerg
  • League: Grandmaster

Miszu

  • Race: Zerg Zerg
  • League: Master

VOD

Have the link to the VOD?

Description

Time

  • Played on: July 1, 2016, 5:54 p.m.
  • Length: 12:54
Show
View Real Time Build Order
Export as new Build Order

Neuro Zerg - Winner!

Build Orders: Hatch First, Zergling Baneling 

Get SALT Encoding   

  12  0:01  Drone  
  13  0:13  Overlord  
  13  0:18  Drone  
  14  0:31  Drone x2  
  14  0:35  Drone  
  17  0:52  Hatchery  
  17  0:55  Drone  
  17  0:59  Drone  
  18  1:09  Extractor  
  17  1:15  Spawning Pool  
  17  1:17  Drone  
  17  1:21  Drone  
  18  1:29  Drone  
  19  1:40  Overlord  
  19  1:49  Drone  
  20  2:01  Queen  
  20  2:02  Drone  
  20  2:04  Queen  
  20  2:05  Drone  
  26  2:11  Metabolic Boost  
  26  2:13  Drone  
  27  2:16  Drone  
  27  2:22  Drone  
  29  2:26  Drone  
  30  2:33  Drone  
  31  2:37  Baneling Nest  
  30  2:48  Hatchery  
  30  2:50  Zergling x2  
  30  2:51  Zergling x2  
  30  2:56  Zergling x4  
  33  2:59  Zergling x2  
  35  3:07  Overlord  
  35  3:09  Overlord  
  35  3:21  Zergling x2  
  36  3:27  Zergling x10  
  36  3:28  Hatchery  
  36  3:30  Baneling x3  
  36  3:32  Baneling  
  40  3:38  Zergling x4  
  41  3:58  Baneling x2  
  37  4:04  Zergling x8  
  37  4:05  Zergling x6  
  42  4:17  Drone x2  
  42  4:19  Queen  
  42  4:20  Roach Warren  
  40  4:29  Baneling x3  
  39  4:31  Drone x3  
  39  4:35  Zergling x2  
  42  4:39  Baneling  
  42  4:40  Baneling x3  
  42  4:47  Zergling x6  
  44  5:05  Zergling x8  
  45  5:08  Zergling x8  
  49  5:18  Zergling x6  
  49  5:20  Baneling x4  
  51  5:22  Baneling  
  50  5:34  Overlord x4  
  50  5:36  Drone x6  
  50  5:37  Extractor  
  44  5:53  Zergling x12  
  50  5:57  Queen  
  49  6:05  Zergling x10  
  46  6:12  Baneling x2  
  46  6:14  Zergling x2  
  43  6:24  Zergling x6  
  28  6:40  Baneling  
  28  6:41  Baneling  
  28  6:46  Drone x3  
  29  6:48  Drone x3  
  26  7:06  Drone x2  
  26  7:08  Zergling x10  
  32  7:12  Zergling x2  
  30  7:20  Zergling x2  
  30  7:21  Zergling x4  
  29  7:24  Zergling x2  
  29  7:26  Zergling x2  
  31  7:32  Zergling x4  
  31  7:36  Zergling x2  
  26  7:42  Baneling x2  
  26  7:43  Baneling  
  26  7:53  Baneling x3  
  26  7:56  Zergling x2  
  27  8:14  Zergling x10  
  31  8:31  Baneling  
  27  8:39  Zergling x10  
  30  8:46  Zergling x2  
  24  8:58  Baneling x2  
  23  9:06  Zergling x6  
  25  9:15  Zergling x4  
  24  9:20  Zergling x2  
  25  9:27  Baneling  
  25  9:32  Zergling x2  
  26  9:40  Zergling x2  
  24  9:47  Baneling  
  24  10:04  Zergling x10  
  26  10:14  Zergling x2  
  23  10:22  Zergling x2  
  23  10:23  Baneling  
  13  10:43  Baneling x2  
  11  11:08  Zergling x4  
  13  11:30  Baneling x2  
  8  11:47  Drone  
  8  11:48  Drone  
  4  12:34  Baneling  
Show
View Real Time Build Order
Export as new Build Order

Miszu Zerg 

Build Orders: Hatch First, Zergling Baneling 

Get SALT Encoding   

  12  0:00  Drone  
  13  0:13  Overlord  
  13  0:17  Drone  
  14  0:32  Drone x2  
  16  0:38  Drone  
  17  0:53  Hatchery  
  17  0:56  Drone  
  17  0:59  Drone  
  17  1:01  Extractor  
  17  1:15  Spawning Pool  
  17  1:18  Drone  
  17  1:21  Drone  
  18  1:28  Drone  
  19  1:45  Overlord  
  19  1:50  Drone  
  20  2:03  Metabolic Boost, Queen  
  20  2:05  Queen  
  20  2:07  Zergling x2  
  25  2:10  Zergling x2  
  25  2:13  Zergling x2  
  27  2:17  Drone  
  28  2:23  Drone  
  29  2:31  Drone  
  29  2:33  Drone  
  31  2:38  Drone  
  32  2:44  Baneling Nest  
  32  2:45  Drone  
  32  2:47  Drone  
  33  2:54  Drone  
  34  3:00  Overlord  
  34  3:09  Hatchery  
  33  3:17  Drone  
  34  3:21  Zergling x12  
  34  3:23  Zergling x2  
  41  3:30  Zergling x2  
  41  3:32  Baneling x2  
  41  3:33  Baneling x4  
  42  3:36  Zergling x2  
  42  3:41  Zergling x2  
  37  3:58  Zergling x14  
  41  4:04  Zergling x2  
  41  4:05  Baneling x2  
  41  4:06  Baneling x2  
  41  4:07  Zergling x2  
  43  4:16  Zergling x2  
  43  4:23  Zergling x2  
  42  4:28  Zergling x4  
  44  4:32  Baneling x3  
  44  4:37  Baneling  
  43  4:43  Baneling  
  43  4:49  Overlord  
  43  4:50  Overlord x2  
  39  5:01  Baneling x2  
  39  5:03  Zergling x10  
  39  5:04  Hatchery  
  42  5:08  Zergling x4  
  43  5:23  Zergling x10  
  43  5:25  Baneling x3  
  43  5:27  Zergling x2  
  48  5:32  Zergling x2  
  49  5:38  Zergling x2  
  49  5:42  Zergling x2  
  50  5:49  Zergling x4  
  47  5:50  Zergling x2  
  47  5:55  Baneling  
  47  5:56  Baneling x2  
  47  5:57  Zergling x2  
  43  6:09  Zergling x4  
  46  6:11  Zergling x2  
  46  6:14  Zergling x2  
  46  6:15  Baneling x2  
  45  6:20  Queen  
  45  6:24  Zergling x4  
  39  6:28  Zergling x2  
  33  6:37  Zergling x12  
  33  6:39  Baneling  
  35  6:40  Baneling  
  35  6:42  Zergling x2  
  34  6:51  Zergling x2  
  32  6:54  Zergling x2  
  32  6:59  Queen  
  32  7:08  Baneling  
  32  7:11  Zergling x8  
  32  7:14  Zergling x2  
  33  7:26  Zergling x4  
  30  7:44  Zergling x10  
  34  7:57  Zergling x2, Baneling  
  34  7:58  Zergling x2  
  36  8:11  Baneling x2  
  36  8:20  Zergling x12  
  36  8:23  Baneling  
  24  8:49  Zergling x10  
  24  8:50  Zergling x6  
  30  8:56  Zergling x6  
  30  8:59  Zergling x2  
  33  9:09  Zergling x4  
  32  9:23  Zergling x2  
  32  9:24  Zergling x6  
  36  9:29  Zergling x2  
  37  9:37  Baneling x3  
  32  9:49  Baneling x6  
  32  9:57  Zergling x2  
  32  9:59  Zergling x2  
  34  10:03  Zergling x2  
  35  10:07  Zergling x2  
  19  10:57  Zergling x2  
  19  11:00  Baneling  
  19  11:01  Baneling x3  
  19  11:02  Zergling x8  
  12  11:15  Zergling x2  
Tags
 
Add a new tag
Caveats
  • Supply blocks, unpowered buildings, or Contaminate may cause inaccurate times.
  • Supply counts are checked every 10 seconds.